AoeStats
← hK | RanDoM

Four Lakes

509992502Analyzed
1v1 RM · 5d ago on Sep 28, 2026· 24m 54s· 2 players
Game mode
Random Map
Map size
Tiny (2 player)
Population
200
Speed
Normal
Resources
Standard
Victory
Conquest
Starting age
Dark Age
Ending age
Imperial Age
RankedLock teamsTeams togetherTeam positionsShared explorationLock speedFull tech treeHidden civsTurbo modeCheats
Victory
Defeat
🇲🇽 Japanese · Mexico
2108
+8
🇷🇺 Saxons · Russia
1914
-8
hK | RanDoM
9:04 Loom
11:11 Feudal Age
12:01 Double-Bit Axe
11:57 Man-at-Arms
15:26 Town Watch
18:06 Castle Age
16:30 Fishing Lines
17:47 Forging
17:51 Gold Mining
18:13 Light Cavalry
19:04 Bloodlines
19:26 Medium Warships
20:00 Bow Saw
23:25 Horse Collar
shegin
7:37 Loom
11:12 Feudal Age
15:00 Castle Age
12:57 Double-Bit Axe
13:08 Fishing Lines
16:47 Scale Mail Armor
16:57 Forging
20:40 Chain Mail Armor
21:39 Iron Casting
24:04 Sanctity
Connection lost

Rejoining the realm…

Still unreachable

The connection could not be restored.

Session expired

The server has moved on; the page needs a fresh start.